 Dungeon Crawl Stone Soup version 0.32-a0-172-gc5dd13f2a7 (webtiles) character file.

Game seed: 2919837496846003888

468 cforsyth the Trooper (level 7, -3/54 HPs)
             Began as a Djinni Hexslinger on Feb 13, 2024.
             Shot with an arrow by a centaur (5 damage)
             ... on level 5 of the Dungeon.
             The game lasted 00:04:25 (3545 turns).

cforsyth the Trooper (Djinni Hexslinger)            Turns: 3545, Time: 00:04:25

Health: -3/54      AC:  6    Str:  7    XL:     7   Next: 30%
Gold:   245        EV: 12    Int: 16    God:
                   SH:  0    Dex: 16

rFire   + + .        a - +1 sling
rCold   . . .        (no shield)
rNeg    . . .        c - +0 robe
rPois   ∞            (no helmet)
rElec   .            (no cloak)
rCorr   .            (no gloves)
SInv    .            (boots unavailable)
Will    .....        (no amulet)
Stlth   +            T - +4 ring of protection
HPRegen 0.29/turn    C - ring of protection from cold
MPRegen 0.00/turn

%: infuse magic (-4 HP)
@: flying
A: sickness immunity, fire resistance 2, cold vulnerability 1, float, innate
caster, HP casting, extra vitality 1
a: no special abilities


You were on level 5 of the Dungeon.
You visited 1 branch of the dungeon, and saw 5 of its levels.

You collected 245 gold pieces.


Innate Abilities, Weirdness & Mutations

You are immune to sickness and miasma.
You are immune to poison.
Your flesh is very heat resistant. (rF++)
You are vulnerable to cold. (rC-)
You float through the air rather than walking.
You learn spells naturally, not from books.
Your magical power is your life essence.
You have superior vitality. (+4 MHP)


   Skills:
 + Level 5.1 Fighting
 - Level 1.5 Ranged Weapons
 - Level 2.1 Dodging
 + Level 4.7 Spellcasting
 + Level 4.7 Conjurations
 + Level 4.7 Hexes
 + Level 4.7 Summonings
 + Level 4.7 Necromancy
 + Level 4.7 Translocations
 + Level 4.7 Fire Magic
 + Level 4.7 Ice Magic
 + Level 4.7 Air Magic
 + Level 4.7 Earth Magic
 + Level 4.7 Alchemy


You knew the following spells:

 Your Spells              Type           Power      Damage    Failure   Level
a - Kiss of Death         Conj/Necr      72%        2d10      2%          1
c - Cause Fear            Hex            9%         N/A       22%         4
f - Inner Flame           Hex/Fire       18%        N/A       7%          3
o - Ozocubu's Armour      Ice            18%        N/A       7%          3
s - Searing Ray           Conj           36%        2d5       3%          2
X - Jinxbite              Hex            36%        N/A       3%          2
Y - Sigil of Binding      Hex            18%        N/A       7%          3
Z - Dimensional Bullseye  Hex/Tloc       9%         N/A       22%         4
Your spell library was empty.

Inventory:

Hand Weapons
 a - a +1 sling (weapon)
Armour
 c - a +0 robe (worn)
Magical Staves
 n - a staff of cold {!a}
Jewellery
 k - an amulet of faith {!P}
 C - a ring of protection from cold (right hand)
 F - a ring of protection from fire
 T - a +4 ring of protection (left hand)
Scrolls
 b - a scroll of poison
 d - a scroll of enchant weapon {unknown}
 e - 2 scrolls of blinking {unknown}
 g - a scroll of revelation {unknown}
 l - a scroll of noise {unknown}
 m - 3 scrolls of identify {unknown}
 o - a scroll of fog {unknown}
 p - a scroll of teleportation {unknown}
 q - a scroll of silence {unknown}
 s - a scroll of vulnerability {unknown}
 u - a scroll of amnesia {unknown}
Potions
 f - a potion of haste {unknown}
 h - a potion of brilliance {unknown}
 i - 3 potions of curing {unknown}
 j - a potion of attraction {unknown}
 r - a potion of invisibility {unknown}
 t - a potion of degeneration {unknown}
 v - a potion of enlightenment {unknown}

Dungeon Overview and Level Annotations

Branches:
Dungeon (5/15)             Temple (0/1) D:5

Altars:
The Shining One

Shops:
D:2

[ ........ ...
........ ... ##..#
........ .. .....
........ ..## ##
#.... ........ ...
.. ##.... ........
..# #. ##ß....
.†...... #c#
#.#####.>...#
........ #.#
#.......ß....
........ #@#
#.......#.#..
........ #.#
###.###.#....
........
#.######[###.#...#
........
#.##.......#.#....
<.......
#.##.###.#.#.#..##
........ #.##.#
#.#.#.#..##
........ #.##.#
#.#.#.#....
..###.## #.##.#
#.#.#.#..#. ..#
#.# #.##.#
#.#.#.##.#.


You could see a centaur.


Message History

The hound is almost dead.
You finish channelling your searing ray.
The hound completely misses you. The hound barely misses you.
A hound is nearby!
A hound is nearby!
The searing ray hits the hound!
You kill the hound! (Press . to maintain the ray.)
You now have 245 gold pieces (gained 19).
Found a scroll labelled CABULA YNOZXUM.
There is a staircase to the Ecumenical Temple here.
Found a leather armour.
m - 3 scrolls labelled CABULA YNOZXUM (gained 1)
You see here a +0 leather armour.
A centaur comes into view.
The centaur shouts!
The centaur wields a +0 shortbow.
The centaur shoots an arrow.
The arrow hits you!
The centaur shoots an arrow.
The arrow hits you!
The centaur shoots an arrow.
The arrow hits you!
* * * LOW HITPOINT WARNING * * *
The centaur shoots an arrow.
The arrow hits you.
* * * LOW HITPOINT WARNING * * *
The centaur shoots an arrow.
The arrow barely misses you.
The centaur shoots an arrow.
The arrow hits you!
* * * LOW HITPOINT WARNING * * *
The centaur shoots an arrow.
The arrow hits you!
* * * LOW HITPOINT WARNING * * *
The centaur shoots an arrow.
The arrow hits you.
You die...

Skill      XL: |  1  2  3  4  5  6  7 |
---------------+----------------------+-----
Spellcasting   | 3 4 |  4.7
Conjurations   | 3 4 |  4.7
Hexes          | 3 4 |  4.7
Summonings     | 3 4 |  4.7
Necromancy     | 3 4 |  4.7
Translocations | 3 4 |  4.7
Fire Magic     | 3 4 |  4.7
Ice Magic      | 3 4 |  4.7
Air Magic      | 3 4 |  4.7
Earth Magic    | 3 4 |  4.7
Alchemy        | 3 4 |  4.7
Fighting       | 2 3 4 5 |  5.1
Ranged Weapons | |  1.5
Dodging        | |  2.1

Action                     |  1- 3 |  4- 6 |  7- 9 || total
---------------------------+-------+-------+-------++-------
   Fire: Sling             |    97 |    80 |     7 ||   184
   Cast: Jinxbite          |     2 |     7 |       ||     9
         Inner Flame       |       |    10 |       ||    10
         Searing Ray       |       |    20 |     5 ||    25
 Armour: Robe              |    20 |    43 |     7 ||    70
  Dodge: Dodged            |    16 |    41 |     6 ||    63

Levels and vault maps discovered:
D:1:      eino_arrival_druids_welcome, layout_basic
D:2:      layout_rooms, serial_shops, shop
D:3:      layout_loops_cross
D:4:      layout_cave_pools, mainiacjoe_overflow_boulevard, dk_rats_in_the_wall
D:5:      layout_basic, gammafunk_temple_overflow_statue, temple_statues,
          kennysheep_generic_room_3

Notes
Turn   | Place    | Note
-------+----------+-------------------------------------------
     0 | D:1      | cforsyth the Djinni Hexslinger began the quest for the Orb.
     0 | D:1      | cforsyth set off with the following spells memorised:
                  | Jinxbite, Sigil of Binding, Inner Flame, Cause Fear,
                  | Dimensional Bullseye.
     0 | D:1      | Reached XP level 1. HP: 17/17 MP: 0/0
    34 | D:1      | Reached XP level 2. HP: 22/22 MP: 0/0
    97 | D:1      | Reached skill level 3 in Spellcasting
    97 | D:1      | Reached skill level 3 in Conjurations
    97 | D:1      | Reached skill level 3 in Hexes
    97 | D:1      | Reached skill level 3 in Summonings
    97 | D:1      | Reached skill level 3 in Necromancy
    97 | D:1      | Reached skill level 3 in Translocations
    97 | D:1      | Reached skill level 3 in Fire Magic
    97 | D:1      | Reached skill level 3 in Ice Magic
    97 | D:1      | Reached skill level 3 in Air Magic
    97 | D:1      | Reached skill level 3 in Earth Magic
    97 | D:1      | Reached skill level 3 in Alchemy
   154 | D:1      | Reached skill level 2 in Fighting
   154 | D:1      | Reached XP level 3. HP: 28/28 MP: 0/0
   154 | D:1      | Learned a level 1 spell: Kiss of Death
   775 | D:2      | Found Ocisk's Armour Emporium.
  1269 | D:2      | Reached XP level 4. HP: 34/34 MP: 0/0
  1564 | D:3      | Identified the +10 dagger of the Rescuing Dove {flame,
                  | Str+2}
  1660 | D:3      | Reached skill level 3 in Fighting
  1831 | D:3      | Reached XP level 5. HP: 15/40 MP: 0/0
  1831 | D:3      | Learned a level 2 spell: Searing Ray
  2246 | D:4      | Found a glowing golden altar of the Shining One.
  2545 | D:3      | Reached skill level 4 in Fighting
  2545 | D:3      | Reached skill level 4 in Spellcasting
  2545 | D:3      | Reached skill level 4 in Conjurations
  2545 | D:3      | Reached skill level 4 in Hexes
  2545 | D:3      | Reached skill level 4 in Summonings
  2545 | D:3      | Reached skill level 4 in Necromancy
  2545 | D:3      | Reached skill level 4 in Translocations
  2545 | D:3      | Reached skill level 4 in Fire Magic
  2545 | D:3      | Reached skill level 4 in Ice Magic
  2545 | D:3      | Reached skill level 4 in Air Magic
  2545 | D:3      | Reached skill level 4 in Earth Magic
  2545 | D:3      | Reached skill level 4 in Alchemy
  2545 | D:3      | Reached XP level 6. HP: 33/47 MP: 0/0
  3292 | D:5      | Entered Level 5 of the Dungeon
  3301 | D:5      | Reached XP level 7. HP: 44/53 MP: 0/0
  3301 | D:5      | Learned a level 3 spell: Ozocubu's Armour
  3355 | D:5      | Reached skill level 5 in Fighting
  3444 | D:5      | Identified the +7 war axe of Brawling {heavy, rPois Int+3}
  3474 | D:5      | Found a staircase to the Ecumenical Temple.
  3544 | D:5      | HP: 2/54 [centaur/arrow (9)]
  3545 | D:5      | Shot with an arrow by a centaur

Vanquished Creatures
  3 scorpions
  A bombardier beetle (D:5)
  A hound (D:5)
  An orc priest (D:3)
  An orc wizard (D:3)
  4 adders
  3 gnolls (D:4)
  4 ribbon worms
  4 dart slugs
  10 orcs
  6 endoplasms
  7 goblins
  7 hobgoblins
  11 jackals
  A quokka (D:2)
  5 ball pythons
  3 bats
  2 frilled lizards
  6 kobolds
  4 rats
84 creatures vanquished.

Table legend: (Time is in decaauts)
 A = Elapsed time spent in this place.
 B = Non-inter-level travel time spent in this place.
 C = Inter-level travel time spent in this place.
 D = Time resting spent in this place.
 E = Time spent auto-exploring this place.
 F = Levels seen in this place.
 G = Mean time per level.
                   A        B        C        D        E       F      G
               +--------+--------+--------+--------+--------+-----+--------+
         Total |   3607 |   3544 |     63 |    464 |   2420 |   5 |  721.4 |
       Dungeon |   3607 |   3544 |     63 |    464 |   2420 |   5 |  721.4 |
               +--------+--------+--------+--------+--------+-----+--------+

Top non-repeatable levels by time:
     D:3: 1078 daAuts
     D:4: 829 daAuts
     D:1: 769 daAuts
     D:2: 674 daAuts
     D:5: 255 daAuts

Table legend:
 A = Non-vault XP
 B = Vault XP
 C = Vault XP percentage of total XP
 D = Non-vault monster count
 E = Vault monster count
 F = Vault count percentage of total count
                 A         B        C        D         E       F
            +---------+---------+-------+---------+---------+-------
      Total |     669 |       0 |   0.0 |      84 |       0 |   0.0
            +---------+---------+-------+---------+---------+-------
        D:1 |      42 |       0 |   0.0 |      22 |       0 |   0.0
        D:2 |      33 |       0 |   0.0 |      15 |       0 |   0.0
        D:3 |     160 |       0 |   0.0 |      30 |       0 |   0.0
        D:4 |     244 |       0 |   0.0 |      13 |       0 |   0.0
        D:5 |     190 |       0 |   0.0 |       4 |       0 |   0.0
            +---------+---------+-------+---------+---------+-------
